Unix NetHack Version 3.7.0-62 Work-in-progress - last build Aug 4 2022 03:48:56 (8bd5414674b775bef5d068a120b40f2ec888f2f1,branch:master). Game began 2022-08-03 14:36:25, ended 2022-08-05 14:30:47. spontiff, neutral male gnomish Healer --------- ##############-^......| --------- ## |.......| #......>.| ####### |.......| #|.......| ##############[ #........| #|.@.....| -------- # ####----.---- #|.......| |<......# # ##########"#####"##|.......| |.(....|# ########## # # # |.......| |.......##### # ## # --------- -------- ## ## # ##### ###### # # # -|---.-# # |......# # |.....| C-# |.....| -- ------- Spontiff the Rhizotomist St:8 Dx:9 Co:15 In:9 Wi:18 Ch:17 Neutral S:441 Dlvl:5 $:2164 HP:0(26) Pw:3(1) AC:6 Xp:1/0 T:3104 Blind Deaf Latest messages: It bites! Are you sure you want to pray? [yn] (n) y You begin praying to Hermes. You feel something move nearby. You feel something move nearby. You feel something move nearby. You feel something move nearby. You feel something move nearby. You feel something move nearby. You feel something move nearby. You finish your prayer. You feel that Hermes is well-pleased. You feel much better. What do you want to drink? [celm or ?*] ? You feel better. You can see again. You can hear again. The fox bites! In what direction? k You know of no traps there. In what direction? You sit down. A shiver runs up and down your spine! The fox bites! The large cat bites the fox. The fox is killed! You sit down. You are momentarily blinded by a flash of light! You hear a deafening roar! You sit down. You feel rankled. You sit down. Your pack shakes violently! It hits! You sit down. You feel rankled. It hits! You sit down. You feel rankled. It bites! It bites! It bites! It misses! Wait! There's something there you can't see! It misses! It misses! It bites! You die... Do you want your possessions identified? [ynq] (y) y Do you want to see the dungeon overview? [ynq] (y) q Major events: Turn 1: spontiff the neutral male gnomish Healer entered the dungeon 2220: entered the Gnomish Mines 3104: killed by a giant bat Inventory: Weapons W - 11 uncursed +0 darts j - a cursed -1 shuriken k - an uncursed +0 dagger K - an uncursed +0 orcish dagger (alternate weapon; not wielded) q - a cursed -1 orcish dagger a - a blessed +0 trident Armor h - a blessed +1 orcish helm (being worn) x - a blessed +0 orcish helm b - an uncursed +0 orcish helm t - an uncursed +0 orcish helm g - an uncursed +1 pair of leather gloves (being worn) V - a cursed +0 pair of water walking boots named cursed Comestibles f - 2 uncursed berried treasures y - an uncursed apple n - 3 uncursed food rations p - 2 uncursed tripe rations Scrolls d - an uncursed scroll of enchant armor r - 2 uncursed scrolls of identify I - a cursed scroll of identify v - an uncursed scroll of magic mapping T - 2 uncursed scrolls of teleportation Spellbooks u - an uncursed novel named Monstrous Regiment Potions e - a blessed potion of blindness l - an uncursed potion of invisibility m - an uncursed potion of water named UNC Rings L - a cursed ring of hunger R - an uncursed ring of teleportation Wands Z - an uncursed wand of death (0:6) S - an uncursed wand of sleep (0:4) D - an uncursed wand of speed monster (0:8) Tools z - an uncursed leash s - an uncursed stethoscope Gems/Stones G - an uncursed agate stone o - 2 uncursed worthless pieces of black glass H - an uncursed worthless piece of white glass Spontiff the Healer's attributes: Background: You were a Rhizotomist, a level 1 male gnomish Healer. You were neutral, on a mission for Hermes who was opposed by Athena (lawful) and Poseidon (chaotic). You were in the Dungeons of Doom, on level 5. You entered the dungeon 3104 turns ago. You had 0 experience points, 20 were needed to attain level 2. Your score was 441 before end-of-game adjustments. Basics: You had 0 out of 26 hit points. You had 3 out of 1 energy points (spell power). Your armor class was 6. Your wallet contained 2164 zorkmids. Autopickup was on for '$!/="?' plus thrown, with exceptions. Final Characteristics: Your strength was 8 (limit:18/50). Your dexterity was 9 (limit:18). Your constitution was 15 (limit:18). Your intelligence was 9 (limit:19). Your wisdom was 18 (limit:18). Your charisma was 17 (limit:18). Final Status: You were temporarily blind. You were deaf. You were not hungry. You were unencumbered. You were empty handed. You were unskilled in bare handed combat. Final Attributes: You were devoutly aligned. You were poison resistant. You had infravision. You were invisible. You are dead. Miscellaneous: You never encountered a bones level. Total elapsed playing time was 58 minutes and 52 seconds. Vanquished creatures: a shrieker a little dog a gas spore a hobbit 2 large kobolds a hobgoblin 2 giant rats 4 cave spiders a red mold 2 gnome zombies 2 geckos 9 jackals a fox 4 goblins 5 sewer rats 2 grid bugs 6 lichens 9 newts 54 creatures vanquished. No species were genocided or became extinct. Voluntary challenges: You never hit with a wielded weapon. You were a pacifist. You were illiterate. You never engraved Elbereth. You never genocided any monsters. You never polymorphed an object. You never changed form. You used no wishes. Achievements: You entered a shop. You entered the Gnomish Mines. The Dungeons of Doom: levels 1 to 6 Level 1: "Stashlet" A sink. Level 2: A general store. Level 3: A grave. Level 4: "iron bars" A scroll shop. Stairs down to The Gnomish Mines. Level 5: <- You were here. Final resting place for you, killed by a giant bat. Level 6: A sink. The Gnomish Mines: Level 5: Game over: ---------- / \ / REST \ / IN \ / PEACE \ / \ | spontiff | | 2164 Au | | killed by a | | giant bat | | | | | | 2022 | *| * * * | * _________)/\\_//(\/(/\)/\//\/|_)_______ Goodbye spontiff the Healer... You died in The Dungeons of Doom on dungeon level 5 with 422 points, and 2164 pieces of gold, after 3104 moves. You were level 1 with a maximum of 26 hit points when you died.